cohdb
Replays
Latest Replays
All Replays
Popular Replays
Top Player Replays
Match Explorer
How It Works
Community
CoH3 Stats
Reddit
Sign in to upload your games and track your stats! →
Sign in with Steam
Match 41178847
Unlisted
Match 41178847
Overview
Messages
Build Orders
End
Selects Italian Combined Arms Battlegroup
Selects Bersaglieri Squad
Bersaglieri Squad
Panzerpioneer Squad
Bersaglieri Squad
Bersaglieri Squad
Selects Bersaglieri Bolster
Construct Light Support Kompanie
Fire Support Elements
Panzerjäger Mechanized Group
Selects Breda Model 30 Light Machine Guns
Veteran Squad Leaders
Pak 38 Anti-tank Gun Team
Selects Semovente da 75/18 Assault Gun
le.IG 18 Mechanized Group
Construct Panzerarmee Kommand
Vehicle Survival Package
FrodoBagginYa
Dr.Tod
Esxile
chonk
0
0
Comments
sign in to comment!
No comments posted yet!